PBL
WASHINGTON NATIONALS @ CINCINNATI REDS
03/18/2071
 
TOP OF THE 1ST
Washington Nationals batting - Pitching for Cincinnati Reds : RHP Roy Bailey
Pitching: RHP Roy Bailey
Batting: RHB Cisco Jiménez 0-0: Ground out 1-3 (Groundball, 13S, EV 71.9 MPH)
Batting: LHB Gabriel Chacón 0-0: Swinging Strike
0-1: Swinging Strike
0-2: Ball
1-2: Strikes out swinging
Batting: RHB Francisco Lafrosia 0-0: Fly out, F9 (Flyball, 9D, EV 106.9 MPH)
Top of the 1st over - 0 runs, 0 hits, 0 errors, 0 left on base; Washington 0 - Cincinnati 0
BOTTOM OF THE 1ST
Cincinnati Reds batting - Pitching for Washington Nationals : RHP Billy Kemper
Pitching: RHP Billy Kemper
Batting: LHB Carlos Flores 0-0: Fly out, F4 (Popup, 34S, EV 84.4 MPH)
Batting: LHB Rubén Reyes 0-0: Fly out, F7 (Line Drive, 7, EV 96.3 MPH)
Batting: LHB Guo-xiu Tse 0-0: Foul Ball, location: 5F
0-1: Ball
1-1: Foul Ball, location: 2F
1-2: DOUBLE (Flyball, 78D, EV 109.4 MPH)
Batting: LHB Miguel Ballerini 0-0: Foul Ball, location: 7LMF
0-1: Foul Ball, location: 7LDF
0-2: Ground out 6-3 (Groundball, 6, EV 104.4 MPH)
Bottom of the 1st over - 0 runs, 1 hit, 0 errors, 1 left on base; Washington 0 - Cincinnati 0
TOP OF THE 2ND
Washington Nationals batting - Pitching for Cincinnati Reds : RHP Roy Bailey
Batting: LHB Iemochi Sasaki 0-0: Called Strike
0-1: Called Strike
0-2: Ball
1-2: Fly out, F8 (Line Drive, 8LM, EV 93.8 MPH)
Batting: LHB Bailey Banks 0-0: Foul Ball, location: 2F
0-1: Ball
1-1: SINGLE (Groundball, 5D, EV 107.5 MPH)
Batting: RHB Rusty Tucker 0-0: Ball
1-0: Called Strike
1-1: Swinging Strike
1-2: Foul Ball, location: 9LMF
1-2: TRIPLE (Line Drive, 78XD, EV 108.1 MPH)
Bailey Banks scores
Batting: RHB Aureliano Cervantes 0-0: Called Strike
0-1: Ball
1-1: Fly out, F9 (Flyball, 89M, EV 84.4 MPH)
Runner from 3rd tags up, SCORES, throw by RF
Batting: LHB Rob de la Rosa 0-0: Ball
1-0: Foul Ball, location: 25F
1-1: Ground out 6-3 (Groundball, 6M, EV 106.3 MPH)
Top of the 2nd over - 2 runs, 2 hits, 0 errors, 0 left on base; Washington 2 - Cincinnati 0
BOTTOM OF THE 2ND
Cincinnati Reds batting - Pitching for Washington Nationals : RHP Billy Kemper
Batting: RHB Gus Brown 0-0: Ground out 4-3 (Groundball, P, EV 86.3 MPH)
Batting: RHB Sancho Madrigal 0-0: Ball
1-0: SOLO HOME RUN (Flyball, 9LD, EV 94.4 MPH), Distance : 362 ft
Batting: RHB Robert Hylan 0-0: Ball
1-0: Fly out, F8 (Line Drive, 8RD, EV 90.6 MPH)
Batting: RHB Carl Moran 0-0: Ball
1-0: Fly out, F8 (Flyball, 8LXD, EV 98.8 MPH)
Bottom of the 2nd over - 1 run, 1 hit, 0 errors, 0 left on base; Washington 2 - Cincinnati 1
TOP OF THE 3RD
Washington Nationals batting - Pitching for Cincinnati Reds : RHP Roy Bailey
Batting: RHB James Cantwell 0-0: Foul Ball, location: 23F
0-1: Ground out 5-3 (Groundball, 56, EV 103.1 MPH)
Batting: RHB Cisco Jiménez 0-0: Ball
1-0: Foul Ball, location: 23F
1-1: Foul Ball, location: 7LDF
1-2: Foul Ball, location: 9LDF
1-2: Ball
2-2: SINGLE (Groundball, 4MD, EV 98.1 MPH)
Batting: LHB Gabriel Chacón 0-0: Ball
1-0: Called Strike
1-1: Ball
2-1: Swinging Strike
2-2: Strikes out swinging
Batting: RHB Francisco Lafrosia 0-0: Fly out, F9 (Flyball, 9D, EV 110.0 MPH)
Top of the 3rd over - 0 runs, 1 hit, 0 errors, 1 left on base; Washington 2 - Cincinnati 1
BOTTOM OF THE 3RD
Cincinnati Reds batting - Pitching for Washington Nationals : RHP Billy Kemper
Batting: RHB Marcos Díaz 0-0: Called Strike
0-1: Ball
1-1: Called Strike
1-2: Ball
2-2: Foul Ball, location: 2F
2-2: Foul Ball, location: 7LSF
2-2: Ball
3-2: Base on Balls
Batting: LHB Carlos Flores 0-0: Called Strike
0-1: Ball
Marcos Díaz steals 2nd base (no throw)
1-1: Ball
2-1: Ball
3-1: Foul Ball, location: 2F
3-2: Foul Ball, location: 3F
3-2: DOUBLE (Line Drive, 89XD, EV 106.3 MPH)
Marcos Díaz scores
Batting: LHB Rubén Reyes 0-0: Ball
1-0: Foul Ball, location: 7LSF
1-1: Swinging Strike
1-2: Foul Ball, location: 2F
1-2: Foul Ball, location: 2F
1-2: Ball
2-2: Foul Ball, location: 5SF
2-2: Fly out, F7 (Flyball, 7D, EV 110.0 MPH)
Runner from 2nd tags up, SAFE at 3rd, no throw by LF
Batting: LHB Guo-xiu Tse 0-0: Ball
1-0: Called Strike
1-1: Foul Ball, location: 2RF
1-2: Foul Ball, location: 2F
1-2: Ball
2-2: Strikes out swinging
Batting: LHB Miguel Ballerini 0-0: Called Strike
0-1: Ball
1-1: Foul Ball, location: 23F
1-2: Foul Ball, location: 5DF
1-2: Foul Ball, location: 2F
1-2: Ball
2-2: SINGLE (Line Drive, 7S, EV 101.9 MPH)
Carlos Flores scores
Batting: RHB Gus Brown 0-0: Ball
1-0: Fly out, F8 (Flyball, 8RM, EV 91.3 MPH)
Bottom of the 3rd over - 2 runs, 2 hits, 0 errors, 1 left on base; Washington 2 - Cincinnati 3
TOP OF THE 4TH
Washington Nationals batting - Pitching for Cincinnati Reds : RHP Roy Bailey
Batting: LHB Iemochi Sasaki 0-0: Ball
1-0: Ball
2-0: Called Strike
2-1: SINGLE (Line Drive, 56D, EV 99.4 MPH)
Batting: LHB Bailey Banks 0-0: Fly out, F6 (Popup, 6, EV 70.0 MPH)
Batting: RHB Rusty Tucker 0-0: Ball
1-0: Ball
2-0: Called Strike
2-1: Foul Ball, location: 3FF
2-2: Fly out, F8 (Flyball, 8LD, EV 96.9 MPH)
Batting: RHB Aureliano Cervantes 0-0: Called Strike
0-1: Ball
1-1: Foul Ball, location: 7LMF
1-2: Foul Ball, location: 9LSF
1-2: SINGLE (Line Drive, 89S, EV 105.0 MPH)
Iemochi Sasaki to second
Batting: LHB Rob de la Rosa 0-0: Ball
1-0: Foul Ball, location: 2F
1-1: Called Strike
1-2: Ball
2-2: Strikes out swinging
Top of the 4th over - 0 runs, 2 hits, 0 errors, 2 left on base; Washington 2 - Cincinnati 3
BOTTOM OF THE 4TH
Cincinnati Reds batting - Pitching for Washington Nationals : RHP Billy Kemper
Batting: RHB Sancho Madrigal 0-0: Called Strike
0-1: Called Strike
0-2: Strikes out swinging
Batting: RHB Robert Hylan 0-0: Called Strike
0-1: Called Strike
0-2: Ball
1-2: Fly out, F7 (Line Drive, 78M, EV 100.6 MPH)
Batting: RHB Carl Moran 0-0: Swinging Strike
0-1: Ball
1-1: Foul Ball, location: 2F
1-2: Ball
2-2: Foul Ball, location: 2F
2-2: Strikes out looking
Bottom of the 4th over - 0 runs, 0 hits, 0 errors, 0 left on base; Washington 2 - Cincinnati 3
TOP OF THE 5TH
Washington Nationals batting - Pitching for Cincinnati Reds : RHP Roy Bailey
Batting: RHB James Cantwell 0-0: Swinging Strike
0-1: Ball
1-1: Ball
2-1: Called Strike
2-2: Strikes out swinging
Batting: RHB Cisco Jiménez 0-0: Ball
1-0: Called Strike
1-1: Swinging Strike
1-2: Strikes out swinging
Pinch Hitting: LHB Ed Randall 0-0: Ball
1-0: Foul Ball, location: 9LSF
1-1: Ball
2-1: Called Strike
2-2: Fly out, F7 (Flyball, 78M, EV 79.4 MPH)
Top of the 5th over - 0 runs, 0 hits, 0 errors, 0 left on base; Washington 2 - Cincinnati 3
BOTTOM OF THE 5TH
Cincinnati Reds batting - Pitching for Washington Nationals : RHP Billy Kemper
Pitching: RHP Iván Hernández
Now at C: José García
Now in LF: Ed Randall
Now in CF: Luis Morín
Pinch Hitting: LHB Tom Terry 0-0: Ball
1-0: Ball
2-0: Ball
3-0: Called Strike
3-1: Foul Ball, location: 2F
3-2: Ground out 5-3 (Groundball, 5, EV 90.0 MPH)
Pinch Hitting: LHB Greg McIntosh 0-0: Foul Ball, location: 7LSF
0-1: Swinging Strike
0-2: Ball
1-2: Foul Ball, location: 3SF
1-2: Fly out, F5 (Popup, 6, EV 58.1 MPH)
Batting: RHB Ramón García 0-0: Ball
1-0: Called Strike
1-1: Ball
2-1: Ball
3-1: Base on Balls
Batting: LHB Guo-xiu Tse 0-0: Ball
1-0: Ball
2-0: Ball
3-0: Base on Balls
Ramón García to second
Pitching: LHP Mitchell Hilson
Pinch Hitting: LHB Leonardo Díaz 0-0: Ball
1-0: DOUBLE (Flyball, 78D, EV 93.1 MPH)
Ramón García scores
Guo-xiu Tse to third
Batting: RHB Gus Brown 0-0: Ball
1-0: Foul Ball, location: 2F
1-1: Ball
2-1: Fly out, F9 (Flyball, 9, EV 95.6 MPH)
Bottom of the 5th over - 1 run, 1 hit, 0 errors, 2 left on base; Washington 2 - Cincinnati 4
TOP OF THE 6TH
Washington Nationals batting - Pitching for Cincinnati Reds : RHP Roy Bailey
Pitching: RHP Pedro Guevara
Now at SS: Bob Calfee
Now in CF: Tom Terry
Now in RF: Greg McIntosh
Batting: RHB Francisco Lafrosia 0-0: Ball
1-0: Called Strike
1-1: Fly out, F4 (Popup, 23, EV 86.9 MPH)
Batting: LHB Luis Morín 0-0: SINGLE (Line Drive, 3D, EV 98.8 MPH)
Pinch Hitting: RHB Logan O'Neill 0-0: Called Strike
0-1: Foul Ball, location: 5F
0-2: Fielders Choice at 2nd, 2-4 (Groundball, 15S, EV 66.9 MPH)
Pinch Hitting: RHB Juan Díaz 0-0: Fly out, F7 (Flyball, 78M, EV 110.0 MPH)
Top of the 6th over - 0 runs, 1 hit, 0 errors, 1 left on base; Washington 2 - Cincinnati 4
BOTTOM OF THE 6TH
Cincinnati Reds batting - Pitching for Washington Nationals : LHP Mitchell Hilson
Pitching: RHP Luis López
Now at 2B: Juan Díaz
Now in RF: Logan O'Neill
Pinch Hitting: RHB Zack Davis 0-0: Called Strike
0-1: Swinging Strike
0-2: Foul Ball, location: 3DF
0-2: Foul Ball, location: 5F
0-2: Foul Ball, location: 9LSF
0-2: Fly out, F7 (Line Drive, 7S, EV 90.0 MPH)
Pinch Hitting: LHB Javier Gómez 0-0: Ball
1-0: Ball
2-0: Ball
3-0: Base on Balls
Batting: RHB Carl Moran 0-0: Called Strike
0-1: Ball
1-1: Ball
2-1: Foul Ball, location: 3FF
2-2: Ball
3-2: Foul Ball, location: 9LMF
3-2: Strikes out swinging
Batting: LHB Tom Terry 0-0: Ball
1-0: Ball
2-0: Ball
3-0: Called Strike
3-1: Fielders Choice at 2nd, U6 (Groundball, 6M, EV 105.6 MPH)
Bottom of the 6th over - 0 runs, 0 hits, 0 errors, 1 left on base; Washington 2 - Cincinnati 4
TOP OF THE 7TH
Washington Nationals batting - Pitching for Cincinnati Reds : RHP Pedro Guevara
Pitching: RHP Nick Thomas
Now at 1B: Javier Gómez
Now at 2B: Zack Davis
Now in LF: Winston Joya
Pinch Hitting: RHB Gabriel Morán 0-0: Ball
1-0: Called Strike
1-1: Called Strike
1-2: Strikes out swinging
Batting: RHB Shao-qi Ng 0-0: Called Strike
0-1: Foul Ball, location: 5SF
0-2: Ball
1-2: Foul Ball, location: 3FF
1-2: Foul Ball, location: 9LMF
1-2: Ball
2-2: Fly out, F8 (Flyball, 8LD, EV 92.5 MPH)
Batting: RHB José García 0-0: Ball
1-0: Foul Ball, location: 2RF
1-1: Ball
2-1: Ball
3-1: Fly out, F8 (Flyball, 8RD, EV 96.3 MPH)
Top of the 7th over - 0 runs, 0 hits, 0 errors, 0 left on base; Washington 2 - Cincinnati 4
BOTTOM OF THE 7TH
Cincinnati Reds batting - Pitching for Washington Nationals : RHP Luis López
Pitching: RHP Peter Smith
Now at 3B: Gabriel Morán
Batting: LHB Greg McIntosh 0-0: Foul Ball, location: 9LMFF
0-1: Fly out, F9 (Flyball, 89M, EV 85.6 MPH)
Batting: RHB Ramón García 0-0: DOUBLE (Line Drive, 9LS, EV 107.5 MPH) - OUT at third base trying to stretch hit.
Batting: LHB Winston Joya 0-0: Ball
1-0: Fly out, F5 (Flyball, 5D, EV 90.6 MPH)
Bottom of the 7th over - 0 runs, 1 hit, 0 errors, 0 left on base; Washington 2 - Cincinnati 4
TOP OF THE 8TH
Washington Nationals batting - Pitching for Cincinnati Reds : RHP Nick Thomas
Pitching: LHP Lawrence Brown
Batting: RHB Cisco Jiménez 0-0: Foul Ball, location: 9LSF
0-1: Ball
1-1: Called Strike
1-2: DOUBLE (Line Drive, 78M, EV 110.6 MPH)
Pinch Hitting: RHB Richie Scott 0-0: Ball
1-0: DOUBLE (Line Drive, 89M, EV 85.0 MPH)
Cisco Jiménez scores
Batting: RHB Francisco Lafrosia 0-0: Foul Ball, location: 2F
0-1: Called Strike
0-2: Ball
1-2: Fly out, F9 (Flyball, 9LS, EV 89.4 MPH)
Batting: LHB Luis Morín 0-0: SINGLE (Groundball, 4MS, EV 81.3 MPH)
Richie Scott to third
Batting: RHB Logan O'Neill 0-0: Ball
1-0: Called Strike
1-1: Grounds into double play, 6-4-3 (Groundball, 6, EV 88.1 MPH)
Top of the 8th over - 1 run, 3 hits, 0 errors, 1 left on base; Washington 3 - Cincinnati 4
BOTTOM OF THE 8TH
Cincinnati Reds batting - Pitching for Washington Nationals : RHP Peter Smith
Pitching: LHP Jeffery Paige
Now at SS: Richie Scott
Now in LF: Cisco Jiménez
Batting: RHB Bob Calfee 0-0: Ball
1-0: Ground out 1-3 (Groundball, 25, EV 66.3 MPH)
Batting: RHB Gus Brown 0-0: Called Strike
0-1: Called Strike
0-2: Ball
1-2: Fly out, F6 (Popup, 4MS, EV 60.0 MPH)
Batting: RHB Zack Davis 0-0: Ball
1-0: Ball
2-0: Ball
3-0: Base on Balls
Batting: LHB Javier Gómez 0-0: Foul Ball, location: 5F
0-1: Ball
1-1: Foul Ball, location: 2F
1-2: Ball
2-2: Foul Ball, location: 23F
2-2: Ball
3-2: Base on Balls
Zack Davis to second
Pinch Hitting: RHB Marcos Cuellar 0-0: Ball
Wild Pitch!
Zack Davis to third
Javier Gómez to second
1-0: Ball
2-0: Ball
3-0: Foul Ball, location: 2F
3-1: Base on Balls
Batting: LHB Tom Terry 0-0: Ball
1-0: Called Strike
1-1: Fielders Choice at 3rd, U5 (Groundball, 5L, EV 80.6 MPH)
Bottom of the 8th over - 0 runs, 0 hits, 0 errors, 2 left on base; Washington 3 - Cincinnati 4
TOP OF THE 9TH
Washington Nationals batting - Pitching for Cincinnati Reds : LHP Lawrence Brown
Pitching: RHP Tom MacVail
Now at C: Marcos Cuellar
Pinch Hitting: LHB Kyle Lynch 0-0: Foul Ball, location: 2F
0-1: Ball
1-1: Ball
2-1: Ground out 5-3 (Groundball, 6, EV 87.5 MPH)
Batting: RHB Gabriel Morán 0-0: Foul Ball, location: 2F
0-1: Called Strike
0-2: Ball
1-2: Strikes out swinging
Batting: RHB Shao-qi Ng 0-0: Fly out, F4 (Popup, 34, EV 57.5 MPH)
Top of the 9th over - 0 runs, 0 hits, 0 errors, 0 left on base; Washington 3 - Cincinnati 4
Monday, April 1st , 2024 - OOTP Baseball 24.10 Build 82